 Dungeon Crawl Stone Soup version 0.28-a0-750-g7c675f85b1 (webtiles) character file.

Game seed: 9728707422518853907

34 ytrimaz the Chopper (level 3, 0/27 HPs)
             Began as a Demonspawn Gladiator on Oct 29, 2021.
             Slain by an orc (2 damage)
             ... on level 3 of the Dungeon.
             The game lasted 00:01:57 (3150 turns).

ytrimaz the Chopper (Demonspawn Gladiator)          Turns: 3150, Time: 00:01:57

Health: 0/27       AC:  3    Str: 15    XL:     3   Next: 14%
Magic:  3/3        EV: 12    Int:  9    God:
Gold:   63         SH:  0    Dex: 14    Spells: 2/2 levels left

rFire   . . .      SeeInvis .   k - +0 hand axe
rCold   . . .      Faith    .   (no shield)
rNeg    . . .      Spirit   .   b - +0 leather armour
rPois   +          Reflect  .   (helmet restricted)
rElec   .          Harm     .   (no cloak)
rCorr   .          Rampage  .   (no gloves)
Will    .....                   (no boots)
Stlth   +.........              (no amulet)
HPRegen 0.09/turn               j - ring of poison resistance
MPRegen 0.08/turn               (no ring)

@: attractive, hasted, very quick
A: antennae 1
a: no special abilities


You were on level 3 of the Dungeon.
You visited 1 branch of the dungeon, and saw 3 of its levels.

You collected 63 gold pieces.

Inventory:

Hand Weapons
 a - a +0 war axe
 k - a +0 hand axe (weapon)
Missiles
 d - 3 throwing nets (quivered)
Armour
 b - a +0 leather armour (worn)
Jewellery
 i - a ring of fire
 j - a ring of poison resistance (left hand)
Scrolls
 c - a scroll of noise
 e - a scroll of enchant weapon {unknown}
 g - a scroll of holy word
 h - a scroll of teleportation {unknown}
 m - a scroll of blinking {unknown}
 n - a scroll of magic mapping {unknown}


   Skills:
 + Level 2.3 Fighting
 + Level 3.4 Axes
 - Level 1.7 Throwing
 + Level 3.1 Dodging


You had 2 spell levels left.
You didn't know any spells.
Your spell library contained the following spells:

 Spells                   Type           Power      Damage    Failure   Level
 Sublimation of Blood     Necr           0%         N/A       58%         2
 Petrify                  Tmut/Erth      0%         N/A       99%         4
 Irradiate                Conj/Tmut      0%         3d14      100%        5


Dungeon Overview and Level Annotations

Branches:
Dungeon (3/15)

Altars:
Dithmenos


Innate Abilities, Weirdness & Mutations

You have a pair of small antennae on your head.


Message History

It was a potion of heal wounds.
You feel much better. The orc hits you but does no damage.
It was a potion of attraction.
You feel attractive to monsters.
The orc wizard hits you with a +0 dagger.
The orc is attracted toward you. x2
You closely miss the orc wizard. You barely miss the orc. x2
You hit the orc but do no damage. The orc wizard barely misses you.
The orc hits you with a +0 club.
You closely miss the orc wizard. You barely miss the orc. You hit the orc.
You barely miss the orc.
The orc wizard gestures at you while chanting.
The puff of flame hits you. The orc closely misses you. x2
The orc wizard hits you but does no damage.
Unknown command.
You hit the orc wizard.
The orc wizard is moderately wounded.
You hit the orc. You barely miss the orc. You completely miss the orc.
The orc hits you with a +0 short sword. The orc hits you with a +0 club. x2
The orc wizard hits you with a +0 dagger.
The orc closely misses you. The orc hits you with a +0 short sword.
* * * LOW HITPOINT WARNING * * *
The orc barely misses you.
The ball python is attracted toward you.
You see here a puce potion.
f - a puce potion The orc hits you with a +0 club.
* * * LOW HITPOINT WARNING * * *
The orc wizard hits you but does no damage.
The orc is attracted toward you. The orc is attracted toward you.
It was a potion of haste.
You feel yourself speed up. The orc barely misses you.
The orc wizard points at you and mumbles some strange words.
You resist with significant effort. The orc is attracted toward you.
You hit the orc wizard but do no damage.
The orc wizard is moderately wounded.
You closely miss the orc. You hit the orc.
The orc hits you with a +0 vampiric hand axe.
You die...

###..... .......
#.....# .......
#....####..._...
#.....##........
####.#.....§......
#..†....o§##.....#
#.#...#o.## .#..#
#.....oo§##..## .
#.....@o.....#
#######.......####..#
#.......#...#.... .
#####..###........###
....#..# #.....####
.......###..####
.##.#.......#
.##.#†#####.#
###.#.......#


You could see an orc wizard and 4 orcs.

Vanquished Creatures
  A worm (D:2)
  An orc (D:2)
  4 endoplasms
  2 goblins
  2 hobgoblins
  2 quokkas
  4 ball pythons
  2 bats (D:1)
  4 frilled lizards
  4 kobolds
  3 rats
29 creatures vanquished.

Notes
Turn   | Place    | Note
-------+----------+-------------------------------------------
     0 | D:1      | ytrimaz the Demonspawn Gladiator began the quest for the
                  | Orb.
     0 | D:1      | Reached XP level 1. HP: 16/16 MP: 1/1
   496 | D:1      | Gained mutation: You have a pair of small antennae on your
                  | head. [demonic ancestry]
   496 | D:1      | Reached XP level 2. HP: 20/22 MP: 2/2
  1088 | D:2      | Found a faded altar of an unknown god.
  2669 | D:2      | Reached XP level 3. HP: 18/27 MP: 3/3
  3135 | D:3      | Found a shadowy altar of Dithmenos.
  3150 | D:3      | Slain by an orc

Illustrated notes

Levels and vault maps discovered:
D:1:      lightli_arrival_farm, layout_loops_ring, minmay_misc_feat_x,
          hangedman_abyss_or_decor_stabs
D:2:      layout_basic, basic_ecumenical_altar
D:3:      layout_loops_cross, nicolae_dithmenos_shadow_blocks, st_stairs_5,
          item_on_display_b

Skill      XL: |  1  2 |
---------------+-------+-----
Axes           | 3 |  3.4
Dodging        | 3 |  3.1
Fighting       | |  2.3
Throwing       | |  1.7

Action                   || total
-------------------------++-------
Melee: War axe           ||    37
       Hand axe          ||    55
  Use: Scroll            ||     2
       Potion            ||     3
 Stab: Sleeping          ||     1
Armor: Leather armour    ||    31
Dodge: Dodged            ||    71

Table legend: (Time is in decaauts)
 A = Elapsed time spent in this place.
 B = Non-inter-level travel time spent in this place.
 C = Inter-level travel time spent in this place.
 D = Time resting spent in this place.
 E = Time spent auto-exploring this place.
 F = Levels seen in this place.
 G = Mean time per level.
                   A        B        C        D        E       F      G
               +--------+--------+--------+--------+--------+-----+--------+
         Total |   3186 |   3116 |     70 |   1112 |   1697 |   3 | 1062.0 |
       Dungeon |   3186 |   3116 |     70 |   1112 |   1697 |   3 | 1062.0 |
               +--------+--------+--------+--------+--------+-----+--------+

Top non-repeatable levels by time:
     D:2: 1908 daAuts
     D:1: 987 daAuts
     D:3: 290 daAuts
